 Dungeon Crawl Stone Soup version 0.18.1-48-g4cf74bf (webtiles) character file.

730 GordonOverkill the Cleaver (level 7, 0/60 HPs)
             Began as a Hill Orc Fighter on July 3, 2016.
             Was an Initiate of Okawaru.
             Slain by Eustachio
             ... wielding a +2 falchion of electrocution
              (14 damage)
             ... on level 5 of the Dungeon.
             The game lasted 00:16:16 (5324 turns).

GordonOverkill the Cleaver (Hill Orc Fighter)       Turns: 5324, Time: 00:16:17

Health: 0/60       AC:  7    Str: 25    XL:     7   Next: 73%
Magic:  7/7        EV:  9    Int:  8    God:    Okawaru [......]
Gold:   91         SH:  0    Dex: 13    Spells: 0 memorised, 6 levels left

rFire  . . .     SeeInvis .     a - +1 war axe
rCold  . . .     Gourm    .     b - +0 scale mail
rNeg   . . .     Faith    .     (no shield)
rPois  .         Spirit   .     (no helmet)
rElec  .         Dismiss  .     (no cloak)
rCorr  .         Reflect  .     e - +0 pair of gloves
SustAt .         Harm     .     (no boots)
MR     .....                    (no amulet)
Stlth  ..........               (no ring)
                                (no ring)

@: mighty, drained, not resistant to hostile enchantments, extremely unstealthy
A: agile 1
a: Renounce Religion


You were on level 5 of the Dungeon.
You worshipped Okawaru.
Okawaru was noncommittal.
You were very hungry.

You visited 1 branch of the dungeon, and saw 5 of its levels.

You collected 119 gold pieces.
You spent 28 gold pieces at shops.

Inventory:

Hand Weapons
 a - a +1 war axe (weapon)
Armour
 b - a +0 scale mail (worn)
 c - a +0 shield
 e - a +0 pair of gloves (worn)
Scrolls
 m - 3 scrolls of enchant weapon
 p - a scroll of magic mapping
 t - a scroll of amnesia
 u - 3 scrolls of remove curse
 v - a scroll of fear
Potions
 d - a potion of might
 i - 6 potions of curing
 k - 3 potions of magic
 l - a potion of mutation {unknown}
 o - a potion of resistance {unknown}
 q - a potion of ambrosia {unknown}
 r - a potion of cancellation {unknown}
 s - a potion of agility {unknown}
 z - 2 potions of berserk rage {unknown}
 A - 2 potions of invisibility {unknown}
 B - a potion of haste {unknown}
Comestibles
 f - 5 bread rations
 g - 2 meat rations
 j - 10 fruits
 n - a beef jerky


   Skills:
 + Level 4.7(4.6) Fighting
 + Level 10.5(10.4) Axes
 - Level 3.2(3.1) Armour
 - Level 3.2(3.1) Shields


You had 6 spell levels left.
You didn't know any spells.

Dungeon Overview and Level Annotations

Branches:
Dungeon (5/15)
 Temple: D:4-7

Altars:
Okawaru
Qazlal
Ru
Sif Muna

Shops:
D:4 ?

Annotations:
D:3 Sigmund
D:5 Eustachio


Innate Abilities, Weirdness & Mutations

You are agile. (Dex +2)


Message History

You closely miss Eustachio.
Eustachio is moderately wounded.
Eustachio hits you with a falchion of electrocution.
You are electrocuted!
You slash Eustachio!
Eustachio is heavily wounded.
Eustachio hits you but does no damage.
You are electrocuted!
* * * LOW HITPOINT WARNING * * *
You are too injured to fight recklessly!
You are too injured to fight recklessly!
You are too injured to fight recklessly!
You are too injured to fight recklessly!
Drink which item? (? for menu, Esc to quit)
You feel very mighty all of a sudden.
Eustachio hits you with a falchion of electrocution.
* * * LOW HITPOINT WARNING * * *
You miss Eustachio.
Eustachio is heavily wounded.
Eustachio hits you but does no damage.
You are electrocuted!
You die...

..# #.# #.# #.# ##+## .@.
##...## ###.# ##.....## ##
##.#.# ##.......## ##.
#....###.........####..
....#..5@@'.........')....
# #...####...).....####..
#..# ##.......## ##. #.#
##.....## ## #.
##...######### #
##+###......# #.# #.####.#
#.# #.# #.# ##.###[####.#


You could see Eustachio and a quasit.

Vanquished Creatures
  An ogre (D:3)
  A phantom (D:4)
  A scorpion (D:4)
  4 wights (D:5)
  2 hounds (D:1)
  A giant frog skeleton (D:5)
  An iguana (D:3)
  2 worker ants
  A gnoll (D:2)
  9 adders
  2 worms (D:2)
  3 dart slugs
  4 giant geckos
  2 orcs
  5 giant cockroaches
  5 goblins
  8 hobgoblins
  8 jackals
  14 kobolds
  3 quokkas
  2 ball pythons
  9 bats
  4 giant newts
  A quokka skeleton (D:3)
  9 rats
102 creatures vanquished.

Notes
Turn   | Place    | Note
--------------------------------------------------------------
     0 | D:1      | GordonOverkill the Hill Orc Fighter began the quest for the Orb.
     0 | D:1      | Reached XP level 1. HP: 19/19 MP: 1/1
    39 | D:1      | Reached skill level 3 in Axes
   276 | D:1      | Reached XP level 2. HP: 26/26 MP: 2/2
   378 | D:1      | Reached skill level 4 in Axes
   676 | D:1      | Reached XP level 3. HP: 31/31 MP: 3/3
   923 | D:2      | Reached skill level 5 in Axes
  1512 | D:2      | Reached XP level 4. HP: 29/39 MP: 4/4
  1713 | D:2      | Reached skill level 6 in Axes
  1931 | D:1      | Reached XP level 5. HP: 14/45 MP: 5/5
  2138 | D:2      | Reached skill level 7 in Axes
  2729 | D:3      | Found a faded altar to an unknown god.
  3149 | D:3      | Noticed Sigmund
  3301 | D:3      | Found a sacrificial altar of Ru.
  3469 | D:3      | Reached skill level 8 in Axes
  3472 | D:3      | Reached XP level 6. HP: 46/51 MP: 6/6
  3556 | D:3      | Found a deep blue altar of Sif Muna.
  3987 | D:4      | Found Faryesue's Magic Scroll Shoppe.
  3990 | D:4      | Bought a scroll of identify for 28 gold pieces
  4000 | D:4      | Gained mutation: You are agile. (Dex +2) [potion of beneficial mutation]
  4155 | D:4      | Found a stormy altar of Qazlal.
  4387 | D:4      | Reached skill level 9 in Axes
  4410 | D:4      | Found an iron altar of Okawaru.
  4465 | D:4      | Noticed a phantom
  4476 | D:4      | Killed a phantom
  4524 | D:4      | Became a worshipper of Warmaster Okawaru
  4630 | D:4      | Reached XP level 7. HP: 56/57 MP: 7/7
  4732 | D:5      | Entered Level 5 of the Dungeon
  5042 | D:3      | Reached skill level 10 in Axes
  5294 | D:5      | Noticed Eustachio
  5324 | D:5      | Slain by Eustachio

Skill      XL: |  1  2  3  4  5  6  7 |
---------------+----------------------+-----
Axes           | 3 4 5 6 8 9 10 | 10.5
Fighting       | 4 |  4.7
Armour         | |  3.2
Shields        | |  3.2

Action                   |  1- 3 |  4- 6 |  7- 9 || total
-------------------------+-------+-------+-------++-------
Melee: War axe           |   119 |   219 |    45 ||   383
  Use: Scroll            |       |     9 |       ||     9
       Potion            |       |     1 |     2 ||     3
  Eat: Chunk             |     2 |    10 |     1 ||    13
Armor: Scale mail        |   101 |   136 |    16 ||   253
Dodge: Dodged            |    86 |   138 |    17 ||   241
Block: Shield            |     2 |       |       ||     2
